 Dungeon Crawl Stone Soup version 0.29-a0-284-gf9362112df (webtiles) character file.

Game seed: 9548467218973300419

18 gzilladon the Chopper (level 2, 0/27 HPs)
             Began as a Hill Orc Monk on Mar 30, 2022.
             Slain by a hobgoblin (2 damage)
             ... on level 3 of the Dungeon.
             The game lasted 00:01:59 (796 turns).

gzilladon the Chopper (Hill Orc Monk)                Turns: 796, Time: 00:01:59

Health: 0/27       AC:  3    Str: 13    XL:     2   Next: 66%
Magic:  2/2        EV:  9    Int: 10    God:
Gold:   20         SH:  0    Dex: 13    Spells: 1/1 levels left

rFire   . . .      SeeInvis .   a - +0 hand axe
rCold   . . .      Faith    .   (no shield)
rNeg    . . .      Spirit   .   e - +0 leather armour
rPois   .          Reflect  .   (no helmet)
rElec   .          Harm     .   (no cloak)
rCorr   .          Rampage  .   (no gloves)
Will    .....                   (no boots)
Stlth   ++........              (no amulet)
HPRegen 0.09/turn               (no ring)
MPRegen 0.08/turn               (no ring)

@: constricted
A: no striking features
a: no special abilities


You were on level 3 of the Dungeon.
You visited 1 branch of the dungeon, and saw 3 of its levels.

You collected 20 gold pieces.

Inventory:

Hand Weapons
 a - a +0 hand axe (weapon)
Missiles
 f - 13 stones (quivered)
Armour
 b - a +0 robe
 e - a +0 leather armour (worn)
Scrolls
 d - a scroll of immolation {unknown}
 g - a scroll of brand weapon {unknown}
Potions
 c - a potion of ambrosia
 h - a potion of degeneration {unknown}
 i - a potion of might {unknown}


   Skills:
 + Level 3.8 Fighting
 * Level 4.7 Axes
 + Level 0.4 Armour
 + Level 2.5 Dodging
 - Level 1.5 Stealth


You had one spell level left.
You didn't know any spells.
Your spell library was empty.

Dungeon Overview and Level Annotations

Branches:
Dungeon (3/15)

Altars:


Message History

The ball python constricts you. The jackal closely misses you.
The jackal barely misses you.
You barely miss the quokka. Your punch misses the quokka.
You closely miss the ball python. You hit the jackal but do no damage.
You barely miss the jackal. The quokka barely misses you.
The jackal bites you but does no damage.
The jackal misses you.
The ball python bites you but does no damage.
The ball python constricts you.
The quokka bites you but does no damage.
The jackal bites you but does no damage. x2
The ball python closely misses you. The ball python constricts you.
You hit the quokka.
You kill the quokka!
You closely miss the jackal. x2; You hit the ball python.
The jackal closely misses you. The jackal bites you.
* * * LOW HITPOINT WARNING * * *
The ball python barely misses you. The ball python constricts you.
You barely miss the jackal.
The jackal is heavily wounded.
You closely miss the jackal. You barely miss the jackal.
You hit the ball python but do no damage.
The jackal bites you but does no damage. x2
The jackal barely misses you.
The ball python bites you but does no damage.
The ball python constricts you.
* * * LOW HITPOINT WARNING * * *
The jackal barely misses you.
The jackal bites you but does no damage.
The jackal barely misses you.
You completely miss the jackal. You closely miss the ball python.
You closely miss the jackal. You barely miss the jackal.
You closely miss the hobgoblin.
The ball python bites you but does no damage.
The ball python constricts you.
* * * LOW HITPOINT WARNING * * *
The jackal misses you.
The jackal bites you but does no damage.
The hobgoblin hits you.
You die...

## #..
#...#######
#...#.....
.........
###....# #....hg#
# #...rh@# .##
#....Sh# ....
#......######<..:
#....?...........
....#.#.......#
##.##.+.......+
#. ###.......# .
#.........#
#.........#


You could see 3 jackals, a hobgoblin, a ball python and a rat.

Vanquished Creatures
  A worm (D:2)
  3 endoplasms (D:2)
  A goblin (D:2)
  A jackal (D:3)
  A quokka (D:3)
  3 bats
  2 kobolds
  3 rats (D:1)
15 creatures vanquished.

Notes
Turn   | Place    | Note
-------+----------+-------------------------------------------
     0 | D:1      | gzilladon the Hill Orc Monk began the quest for the Orb.
     0 | D:1      | Reached XP level 1. HP: 19/19 MP: 1/1
   397 | D:2      | Reached XP level 2. HP: 4/27 MP: 2/2
   796 | D:3      | Slain by a hobgoblin

Illustrated notes

Levels and vault maps discovered:
D:1:      dpeg_arrival_lava_altar, layout_loops_corners, serial_shops,
          nicolae_shop_competitors_out_of_business, item_on_display_a
D:2:      layout_loops_ring, hangedman_decor_riveting, minmay_fountain_box,
          amethyst_killhole
D:3:      layout_basic, nicolae_gozag_seed_capital,
          shapermc_ecumenical_altar_mp_urbaneastern

Action                   || total
-------------------------++-------
Melee: Hand axe          ||    59
 Stab: Sleeping          ||     2
Armor: Robe              ||    13
       Leather armour    ||    27
Dodge: Dodged            ||    73

Table legend: (Time is in decaauts)
 A = Elapsed time spent in this place.
 B = Non-inter-level travel time spent in this place.
 C = Inter-level travel time spent in this place.
 D = Time resting spent in this place.
 E = Time spent auto-exploring this place.
 F = Levels seen in this place.
 G = Mean time per level.
                   A        B        C        D        E       F      G
               +--------+--------+--------+--------+--------+-----+--------+
         Total |    800 |    800 |      0 |    475 |      0 |   3 |  266.7 |
       Dungeon |    800 |    800 |      0 |    475 |      0 |   3 |  266.7 |
               +--------+--------+--------+--------+--------+-----+--------+

Top non-repeatable levels by time:
     D:2: 422 daAuts
     D:1: 355 daAuts
     D:3: 22 daAuts
